| TOP OF THE 1ST |
|
Hartford Yard Goats batting - Pitching for Lakewood BlueClaws : RHP Ricardo Dominguez
|
|
Pitching: RHP Ricardo Dominguez
|
|
|
Batting: SHB Eddie Quinones
|
0-0: Ball 1-0: SINGLE (Groundball, 56, EV 106.2 MPH)
|
|
Batting: SHB Pete Perla
|
0-0: Foul Ball, location: 2F 0-1: Ball 1-1: Ball 2-1: Foul Ball, location: 2F 2-2: Strikes out swinging
|
|
Batting: LHB Jeremy Brammer
|
0-0: Swinging Strike 0-1: DOUBLE (Line Drive, 9LS, EV 96.9 MPH) Eddie Quinones to third Runner from 3rd tries for Home, SAFE, throw by RF to trailing runner, SAFE at third!
|
|
Batting: SHB In-sung Lee
|
0-0: Fly out, F8 (Line Drive, 8LD, EV 110.0 MPH) Runner from 3rd tags up, SCORES, throw by CF
|
|
Batting: RHB Justin Williams
|
0-0: Ball 1-0: Foul Ball, location: 2F 1-1: Ground out 6-3 (Groundball, 6, EV 84.4 MPH)
|
| Top of the 1st over - 2 runs, 2 hits, 0 errors, 0 left on base; Hartford 2 - Lakewood 0 |
| BOTTOM OF THE 1ST |
|
Lakewood BlueClaws batting - Pitching for Hartford Yard Goats : LHP Ryouhei Hosaka
|
|
Pitching: LHP Ryouhei Hosaka
|
|
|
Batting: RHB Steve Jones
|
0-0: Ball 1-0: SINGLE (Groundball, 6MD, EV 94.4 MPH)
|
|
Batting: RHB Alberto Ramirez
|
0-0: Ball 1-0: Called Strike 1-1: Called Strike Steve Jones is caught stealing 2nd base 2-4 1-2: Strikes out swinging
|
|
Batting: SHB Bob Dixon
|
0-0: Ball 1-0: Foul Ball, location: 2F 1-1: Ball 2-1: Foul Ball, location: 2F 2-2: Fly out, F5 (Line Drive, 5, EV 68.8 MPH)
|
| Bottom of the 1st over - 0 runs, 1 hit, 0 errors, 0 left on base; Hartford 2 - Lakewood 0 |
| TOP OF THE 2ND |
|
Hartford Yard Goats batting - Pitching for Lakewood BlueClaws : RHP Ricardo Dominguez
|
|
Batting: RHB Kian-tat Chen
|
0-0: Ball 1-0: Called Strike 1-1: DOUBLE (Flyball, 8LXD, EV 95.0 MPH)
|
|
Batting: RHB Eric Delgado
|
0-0: Ball 1-0: Ball 2-0: Swinging Strike 2-1: Fly out, F8 (Flyball, 8LS, EV 85.6 MPH)
|
|
Batting: RHB Steve Waltenbery
|
0-0: Ball Kian-tat Chen steals 3rd base 1-0: Fly out, F4 (Popup, 34D, EV 52.5 MPH)
|
|
Batting: LHB Mick Knopp
|
0-0: Foul Ball, location: 2F 0-1: Ground out 6-3 (Groundball, 6, EV 88.8 MPH)
|
| Top of the 2nd over - 0 runs, 1 hit, 0 errors, 1 left on base; Hartford 2 - Lakewood 0 |
| BOTTOM OF THE 2ND |
|
Lakewood BlueClaws batting - Pitching for Hartford Yard Goats : LHP Ryouhei Hosaka
|
|
Batting: RHB Danny Krug
|
0-0: Ball 1-0: Ground out 4-3 (Groundball, 4, EV 82.5 MPH)
|
|
Batting: RHB Victor Arroyo
|
0-0: Ball 1-0: Ball 2-0: Foul Ball, location: 2F 2-1: Called Strike 2-2: Ball 3-2: Base on Balls
|
|
Batting: RHB Kyle Morse
|
0-0: Fly out, F9 (Line Drive, 9D, EV 93.8 MPH)
|
|
Batting: RHB Pedro Mata
|
0-0: Swinging Strike 0-1: Ball 1-1: Swinging Strike 1-2: Foul Ball, location: 2F 1-2: Ball 2-2: SINGLE (Groundball, 4MD, EV 95.0 MPH) (infield hit) Victor Arroyo to second
|
|
Batting: LHB Troy Hodge
|
0-0: Called Strike 0-1: Foul Ball, location: 2F 0-2: Foul Ball, location: 2F 0-2: Ball 1-2: Fly out, F6 (Line Drive, 6, EV 66.2 MPH)
|
| Bottom of the 2nd over - 0 runs, 1 hit, 0 errors, 2 left on base; Hartford 2 - Lakewood 0 |
| TOP OF THE 3RD |
|
Hartford Yard Goats batting - Pitching for Lakewood BlueClaws : RHP Ricardo Dominguez
|
|
Batting: SHB Eddie Quinones
|
0-0: Swinging Strike 0-1: Ball 1-1: Foul Ball, location: 2F 1-2: Ball 2-2: Foul Ball, location: 2F 2-2: Ball 3-2: SINGLE (Line Drive, 34D, EV 100.6 MPH)
|
|
Batting: SHB Pete Perla
|
0-0: Foul Ball, location: 2F 0-1: Swinging Strike 0-2: Ball 1-2: Ball 2-2: Fly out, F7 (Flyball, 7LM, EV 92.5 MPH)
|
|
DELAY
|
Rain delay of 65 minutes in the 3rd inning.
|
|
Batting: LHB Jeremy Brammer
|
0-0: Called Strike 0-1: Ball 1-1: Called Strike 1-2: Fielders Choice at 2nd, 1-6 (Groundball, P, EV 66.9 MPH)
|
|
Batting: SHB In-sung Lee
|
0-0: Ball 1-0: Ground out 4-3 (Groundball, 4, EV 92.5 MPH)
|
| Top of the 3rd over - 0 runs, 1 hit, 0 errors, 1 left on base; Hartford 2 - Lakewood 0 |
| BOTTOM OF THE 3RD |
|
Lakewood BlueClaws batting - Pitching for Hartford Yard Goats : LHP Ryouhei Hosaka
|
|
Batting: RHB Pablo Lopez
|
0-0: Called Strike 0-1: Swinging Strike 0-2: Ground out 6-3 (Groundball, 56, EV 83.1 MPH)
|
|
Batting: RHB Steve Jones
|
0-0: Ball 1-0: Ground out 4-3 (Groundball, 4, EV 105.0 MPH)
|
|
Batting: RHB Alberto Ramirez
|
0-0: Called Strike 0-1: Called Strike 0-2: Fly out, F3 (Popup, 3S, EV 71.9 MPH)
|
| Bottom of the 3rd over - 0 runs, 0 hits, 0 errors, 0 left on base; Hartford 2 - Lakewood 0 |
| TOP OF THE 4TH |
|
Hartford Yard Goats batting - Pitching for Lakewood BlueClaws : RHP Ricardo Dominguez
|
|
Batting: RHB Justin Williams
|
0-0: Called Strike 0-1: Ball 1-1: Foul Ball, location: 2F 1-2: Strikes out swinging
|
|
Batting: RHB Kian-tat Chen
|
0-0: Ball 1-0: Called Strike 1-1: Foul Ball, location: 2F 1-2: Foul Ball, location: 2F 1-2: Foul Ball, location: 2F 1-2: Ball 2-2: Ground out U3 (Groundball, 13, EV 84.4 MPH)
|
|
Batting: RHB Eric Delgado
|
0-0: Ball 1-0: Ball 2-0: Called Strike 2-1: Foul Ball, location: 2F 2-2: SINGLE (Flyball, 8RS, EV 94.4 MPH)
|
|
Batting: RHB Steve Waltenbery
|
0-0: Ball 1-0: SINGLE (Groundball, 6, EV 96.2 MPH) Eric Delgado to second
|
|
Pitching: RHP Dustin Hensley
|
|
|
Batting: LHB Mick Knopp
|
0-0: Ball 1-0: Called Strike 1-1: Called Strike 1-2: Foul Ball, location: 2F 1-2: Ground out 5-3 (Groundball, 56, EV 105.0 MPH)
|
| Top of the 4th over - 0 runs, 2 hits, 0 errors, 2 left on base; Hartford 2 - Lakewood 0 |
| BOTTOM OF THE 4TH |
|
Lakewood BlueClaws batting - Pitching for Hartford Yard Goats : LHP Ryouhei Hosaka
|
|
Batting: SHB Bob Dixon
|
0-0: Swinging Strike 0-1: Foul Ball, location: 2F 0-2: SINGLE (Flyball, 3D, EV 92.5 MPH)
|
|
Pitching: RHP Joe Goodale
|
|
|
Batting: RHB Danny Krug
|
0-0: Foul Ball, location: 2F 0-1: Ball 1-1: DOUBLE (Flyball, 7LM, EV 113.1 MPH) Bob Dixon to third
|
|
Batting: RHB Victor Arroyo
|
0-0: Ball 1-0: Ball 2-0: Ball 3-0: Base on Balls
|
|
Batting: RHB Kyle Morse
|
0-0: Ball 1-0: Fly out, F7 (Flyball, 7LS, EV 83.1 MPH)
|
|
Batting: RHB Pedro Mata
|
0-0: Swinging Strike 0-1: Ball 1-1: Fly out, F8 (Line Drive, 8LD, EV 92.5 MPH) Runner from 3rd tags up, SCORES, throw by CF
|
|
Batting: LHB Troy Hodge
|
0-0: SINGLE (Groundball, 3D, EV 102.5 MPH) Danny Krug to third Victor Arroyo to second Runner from 3rd tries for Home, throw by RF and OUT! 9-2
|
| Bottom of the 4th over - 1 run, 3 hits, 0 errors, 2 left on base; Hartford 2 - Lakewood 1 |
| TOP OF THE 5TH |
|
Hartford Yard Goats batting - Pitching for Lakewood BlueClaws : RHP Dustin Hensley
|
|
Batting: SHB Eddie Quinones
|
0-0: Ball 1-0: Called Strike 1-1: Foul Ball, location: 2F 1-2: Strikes out swinging
|
|
Batting: SHB Pete Perla
|
0-0: Ball 1-0: Called Strike 1-1: Foul Ball, location: 2F 1-2: Ball 2-2: Foul Ball, location: 2F 2-2: Strikes out swinging
|
|
Batting: LHB Jeremy Brammer
|
0-0: Called Strike 0-1: Ball 1-1: Foul Ball, location: 2F 1-2: Ball 2-2: Foul Ball, location: 2F 2-2: Foul Ball, location: 2F 2-2: Foul Ball, location: 2F 2-2: Ball 3-2: Ground out U3 (Groundball, 3, EV 86.2 MPH)
|
| Top of the 5th over - 0 runs, 0 hits, 0 errors, 0 left on base; Hartford 2 - Lakewood 1 |
| BOTTOM OF THE 5TH |
|
Lakewood BlueClaws batting - Pitching for Hartford Yard Goats : RHP Joe Goodale
|
|
Batting: RHB Pablo Lopez
|
0-0: Ball 1-0: Foul Ball, location: 2F 1-1: Foul Ball, location: 2F 1-2: Ball 2-2: Strikes out looking
|
|
Batting: RHB Steve Jones
|
0-0: Ball 1-0: Ball 2-0: Ball 3-0: Base on Balls
|
|
Batting: RHB Alberto Ramirez
|
0-0: Called Strike 0-1: Foul Ball, location: 2F 0-2: Strikes out swinging
|
|
Batting: SHB Bob Dixon
|
0-0: Called Strike 0-1: Called Strike Steve Jones steals 2nd base 0-2: Ball 1-2: Ball 2-2: Strikes out swinging
|
| Bottom of the 5th over - 0 runs, 0 hits, 0 errors, 1 left on base; Hartford 2 - Lakewood 1 |
| TOP OF THE 6TH |
|
Hartford Yard Goats batting - Pitching for Lakewood BlueClaws : RHP Dustin Hensley
|
|
Batting: SHB In-sung Lee
|
0-0: Ball 1-0: Foul Ball, location: 2F 1-1: Ball 2-1: SINGLE (Flyball, 34D, EV 84.4 MPH)
|
|
Batting: RHB Justin Williams
|
0-0: Ball In-sung Lee is caught stealing 2nd base 2-4 1-0: Foul Ball, location: 2F 1-1: Ground out 6-3 (Groundball, 6, EV 85.0 MPH)
|
|
Batting: RHB Kian-tat Chen
|
0-0: Ball 1-0: Fly out, F8 (Flyball, 8RM, EV 84.4 MPH)
|
| Top of the 6th over - 0 runs, 1 hit, 0 errors, 0 left on base; Hartford 2 - Lakewood 1 |
| BOTTOM OF THE 6TH |
|
Lakewood BlueClaws batting - Pitching for Hartford Yard Goats : RHP Joe Goodale
|
|
Batting: RHB Danny Krug
|
0-0: Foul Ball, location: 2F 0-1: Called Strike 0-2: Foul Ball, location: 2F 0-2: Ball 1-2: Ball 2-2: Ball 3-2: Strikes out swinging
|
|
Pitching: RHP Nate Dallman
|
|
|
Batting: RHB Victor Arroyo
|
0-0: Ball 1-0: Foul Ball, location: 2F 1-1: Foul Ball, location: 2F 1-2: Ball 2-2: DOUBLE (Line Drive, 78D, EV 110.6 MPH)
|
|
Batting: RHB Kyle Morse
|
0-0: Ball 1-0: Swinging Strike 1-1: Swinging Strike 1-2: Ball 2-2: Foul Ball, location: 2F 2-2: Ground out 5-3 (Groundball, 56, EV 106.2 MPH)
|
|
Batting: RHB Pedro Mata
|
0-0: Ground out 4-3 (Groundball, 4, EV 90.0 MPH)
|
| Bottom of the 6th over - 0 runs, 1 hit, 0 errors, 1 left on base; Hartford 2 - Lakewood 1 |
| TOP OF THE 7TH |
|
Hartford Yard Goats batting - Pitching for Lakewood BlueClaws : RHP Dustin Hensley
|
|
Pitching: RHP Chris Lee
|
|
|
Batting: RHB Eric Delgado
|
0-0: Ball 1-0: Ball 2-0: Ground out 4-3 (Groundball, 4S, EV 73.1 MPH)
|
|
Batting: RHB Steve Waltenbery
|
0-0: Ball 1-0: Ground out 5-3 (Groundball, 5, EV 105.0 MPH)
|
|
Batting: LHB Mick Knopp
|
0-0: Foul Ball, location: 2F 0-1: Foul Ball, location: 2F 0-2: Ball 1-2: Fly out, F8 (Flyball, 8LD, EV 91.9 MPH)
|
| Top of the 7th over - 0 runs, 0 hits, 0 errors, 0 left on base; Hartford 2 - Lakewood 1 |
| BOTTOM OF THE 7TH |
|
Lakewood BlueClaws batting - Pitching for Hartford Yard Goats : RHP Nate Dallman
|
|
Batting: LHB Troy Hodge
|
0-0: Ball 1-0: SINGLE (Line Drive, 34, EV 97.5 MPH)
|
|
Batting: RHB Pablo Lopez
|
0-0: Called Strike 0-1: Ball 1-1: Ball 2-1: Ball 3-1: Base on Balls Troy Hodge to second
|
|
Batting: RHB Steve Jones
|
0-0: Called Strike 0-1: Grounds into double play, 4-6-3 (Groundball, 4, EV 103.8 MPH) Troy Hodge to third
|
|
Batting: RHB Alberto Ramirez
|
0-0: Foul Ball, location: 2F 0-1: Ball 1-1: Ball 2-1: Ball 3-1: Base on Balls
|
|
Batting: SHB Bob Dixon
|
0-0: Called Strike 0-1: Ball 1-1: Ball 2-1: Foul Ball, location: 2F 2-2: Foul Ball, location: 2F 2-2: Foul Ball, location: 2F 2-2: Ball 3-2: Fly out, F7 (Flyball, 7LS, EV 86.2 MPH)
|
| Bottom of the 7th over - 0 runs, 1 hit, 0 errors, 2 left on base; Hartford 2 - Lakewood 1 |
| TOP OF THE 8TH |
|
Hartford Yard Goats batting - Pitching for Lakewood BlueClaws : RHP Chris Lee
|
|
Batting: SHB Eddie Quinones
|
0-0: Foul Ball, location: 2F 0-1: Ball 1-1: Fly out, F8 (Flyball, 8LD, EV 102.5 MPH)
|
|
Batting: SHB Pete Perla
|
0-0: Swinging Strike 0-1: Called Strike 0-2: Ball 1-2: Reached on error, E4 (Groundball, 4MD, EV 81.9 MPH)
|
|
Batting: LHB Jeremy Brammer
|
|
|
Pitching: LHP Ryan Jansma
|
Pickoff Throw to First - Out! 1-3 0-0: Ball 1-0: Foul Ball, location: 2F 1-1: Ball 2-1: Ball 3-1: Fly out, F8 (Flyball, 89M, EV 75.0 MPH)
|
| Top of the 8th over - 0 runs, 0 hits, 1 error, 0 left on base; Hartford 2 - Lakewood 1 |
| BOTTOM OF THE 8TH |
|
Lakewood BlueClaws batting - Pitching for Hartford Yard Goats : RHP Nate Dallman
|
|
Pitching: RHP Travis Porter
|
|
|
Now at 1B: Brian Levensailor
|
|
|
Batting: RHB Danny Krug
|
0-0: SINGLE (Flyball, 8RS, EV 92.5 MPH)
|
|
Batting: RHB Victor Arroyo
|
0-0: Called Strike 0-1: Ball 1-1: Swinging Strike 1-2: Strikes out looking
|
|
Pinch Hitting: LHB Jose Carlos
|
0-0: Ball 1-0: Called Strike 1-1: Ball 2-1: Ball 3-1: Foul Ball, location: 2F 3-2: DOUBLE (Line Drive, 9LM, EV 88.8 MPH) Danny Krug to third Runner from 3rd tries for Home, SAFE, no throw by RF
|
|
Batting: RHB Pedro Mata
|
0-0: Ground out 4-3 (Groundball, 4, EV 86.2 MPH) Jose Carlos to third
|
|
Batting: LHB Troy Hodge
|
0-0: Called Strike 0-1: Ball 1-1: Ball 2-1: Ball 3-1: Foul Ball, location: 2F 3-2: Base on Balls
|
|
Batting: RHB Pablo Lopez
|
0-0: Called Strike 0-1: Foul Ball, location: 2F 0-2: Strikes out looking
|
| Bottom of the 8th over - 1 run, 2 hits, 0 errors, 2 left on base; Hartford 2 - Lakewood 2 |
| TOP OF THE 9TH |
|
Hartford Yard Goats batting - Pitching for Lakewood BlueClaws : LHP Ryan Jansma
|
|
Pitching: RHP Ronnie DeAngelo
|
|
|
Now in CF: Jose Carlos
|
|
|
Batting: SHB In-sung Lee
|
0-0: Ball 1-0: Ball 2-0: Called Strike 2-1: Called Strike 2-2: Ball 3-2: Base on Balls
|
|
Batting: RHB Justin Williams
|
0-0: Called Strike In-sung Lee steals 2nd base 0-1: Ground out 6-3 (Groundball, 6, EV 86.2 MPH) In-sung Lee to third
|
|
Batting: RHB Kian-tat Chen
|
0-0: Ball 1-0: Ball 2-0: Foul Ball, location: 2F 2-1: Ball 3-1: Swinging Strike 3-2: Base on Balls
|
|
Batting: RHB Eric Delgado
|
0-0: Called Strike Kian-tat Chen steals 2nd base (no throw) 0-1: Foul Ball, location: 2F 0-2: Ball 1-2: Ball 2-2: Strikes out swinging
|
|
Batting: RHB Steve Waltenbery
|
0-0: Foul Ball, location: 2F 0-1: Foul Ball, location: 2F 0-2: Strikes out looking
|
| Top of the 9th over - 0 runs, 0 hits, 0 errors, 2 left on base; Hartford 2 - Lakewood 2 |
| BOTTOM OF THE 9TH |
|
Lakewood BlueClaws batting - Pitching for Hartford Yard Goats : RHP Travis Porter
|
|
Pitching: LHP Greg Burngooch
|
|
|
Batting: RHB Steve Jones
|
0-0: Ball 1-0: Ball 2-0: Ball 3-0: Called Strike 3-1: TRIPLE (Line Drive, 89XD, EV 107.5 MPH)
|
|
Batting: RHB Alberto Ramirez
|
0-0: Foul Ball, location: 2F 0-1: Swinging Strike 0-2: Fielders Choice at home, 6-2 (Groundball, 6, EV 93.1 MPH)
|
|
Batting: SHB Bob Dixon
|
0-0: Called Strike Alberto Ramirez is caught stealing 2nd base 2-4 0-1: Ball 1-1: Swinging Strike 1-2: Ball 2-2: Strikes out swinging
|
| Bottom of the 9th over - 0 runs, 1 hit, 0 errors, 0 left on base; Hartford 2 - Lakewood 2 |
| TOP OF THE 10TH |
|
Hartford Yard Goats batting - Pitching for Lakewood BlueClaws : RHP Ronnie DeAngelo
|
|
Batting: LHB Mick Knopp
|
0-0: Called Strike 0-1: Ground out 3-1 (Groundball, 34S, EV 92.5 MPH)
|
|
Batting: LHB Brian Levensailor
|
0-0: Swinging Strike 0-1: Foul Ball, location: 2F 0-2: Strikes out swinging
|
|
Batting: SHB Pete Perla
|
0-0: Ball 1-0: Called Strike 1-1: Ball 2-1: Called Strike 2-2: Ball 3-2: Base on Balls
|
|
Batting: LHB Jeremy Brammer
|
0-0: Ball 1-0: Ball 2-0: Ball 3-0: Called Strike 3-1: Foul Ball, location: 2F 3-2: Base on Balls Pete Perla to second
|
|
Pitching: RHP Derek Ziolkowski
|
|
|
Batting: SHB In-sung Lee
|
0-0: Ground out U3 (Groundball, 34, EV 84.4 MPH)
|
| Top of the 10th over - 0 runs, 0 hits, 0 errors, 2 left on base; Hartford 2 - Lakewood 2 |
| BOTTOM OF THE 10TH |
|
Lakewood BlueClaws batting - Pitching for Hartford Yard Goats : LHP Greg Burngooch
|
|
Batting: RHB Danny Krug
|
0-0: Called Strike 0-1: Swinging Strike 0-2: Strikes out swinging
|
|
Batting: RHB Victor Arroyo
|
0-0: Ball 1-0: Called Strike 1-1: Foul Ball, location: 2F 1-2: Ball 2-2: SOLO HOME RUN (Line Drive, 78XD, EV 98.1 MPH), Distance : 398 ft
|
| Bottom of the 10th over - 1 run, 1 hit, 0 errors, 0 left on base; Hartford 2 - Lakewood 3 |
| |
|
Game Over ... Lakewood defeats Hartford, 3 to 2
|
|
|